 Dungeon Crawl Stone Soup version 0.15.1-3-g1b33baa (webtiles) character file.

179779 Johnny the Fighter (level 16, -4/134 (137) HPs)
             Began as a Demigod Ice Elementalist on Oct 12, 2014.
             Slain by an Executioner (18 damage)
             ... on Level 1 of the Abyss.
             The game lasted 03:06:07 (63237 turns).

Johnny the Fighter (Demigod Ice Elementalist)      Turns: 63237, Time: 03:06:07

HP  -4/134 (137) AC 24     Str 12      XL: 16   Next: 75%
MP   4/36        EV 20     Int 32 (34) God:
Gold 1356        SH  0     Dex 25      Spells:  7 memorised,  3 levels left

rFire  . . .     SeeInvis .     s - +3 mace (protect)
rCold  . . .     Clarity  .     c - +1 swamp dragon armour
rNeg   . . .     rCorr    .     (no shield)
rPois  +         rRot     .     V - +0 helmet
rElec  .         Spirit   .     W - +2 cloak
SustAb .         Warding  .     A - +0 pair of gloves
rMut   +         Stasis   .     N - +2 pair of boots
Gourm  .                        e - amulet of resist mutation
MR     +....                    L - +5 ring of intelligence
                                j - ring of wizardry

@: agile, very slightly contaminated, non-regenerating, mildly diseased, hasted,
very quick, somewhat resistant to hostile enchantments, quite stealthy
A: clever 1
a: no special abilities
}: 1/15 runes: decaying


You were on level 1 of the Abyss.
You were near starving.

You visited 7 branches of the dungeon, and saw 42 of its levels.
You visited the Abyss 1 time.
You also visited: Ice Cave.

You collected 4221 gold pieces.
You spent 2865 gold pieces at shops.

Inventory:

Hand weapons
 s - a +3 mace of protection (weapon)
Armour
 c - a +1 swamp dragon armour (worn)
 A - a +0 pair of gloves (worn)
 N - a +2 pair of boots (worn)
 V - a +0 helmet (worn)
 W - a +2 cloak (worn)
Magical devices
 b - a wand of fireball (0)
 i - a wand of draining (5)
 q - a wand of disintegration (6)
 x - a wand of paralysis (15)
 z - a wand of disintegration (4)
 G - a wand of invisibility (1)
 K - a wand of draining (1)
 O - a wand of confusion (6)
Comestibles
 h - 6 meat rations
Scrolls
 d - 3 scrolls of fog
 f - 10 scrolls of remove curse
 k - 3 scrolls of magic mapping
 n - 2 scrolls of amnesia
 w - 5 scrolls of enchant weapon
 X - 3 scrolls of recharging
Jewellery
 e - an amulet of resist mutation (around neck)
 j - a ring of wizardry (left hand)
 D - an uncursed amulet of the gourmand
 L - a +5 ring of intelligence (right hand)
Potions
 g - 3 potions of restore abilities
 l - 6 potions of brilliance
 p - a potion of lignification
 C - 3 potions of cancellation
 F - 3 potions of might
 H - 2 potions of berserk rage
 J - a potion of flight
 M - 3 potions of resistance
 Q - a potion of curing
 S - 5 potions of mutation {unknown}
 U - a potion of porridge
Books
 o - a book of the Tempests

   Spells                             Type                      Level
   Static Discharge                   Conjuration/Air              3
   Lightning Bolt                     Conjuration/Air              5
   Fireball                           Conjuration/Fire             5
   Tornado                            Air                          9
   Shatter                            Earth                        9
 B - Sif Muna's Collected Works on the Boosting Voyage
   (You found it on level 1 of the Vaults)

   Spells                             Type                      Level
   Blink                              Translocation                2
   Recall                             Summoning/Translocation      3
   Portal Projectile                  Translocation                3
   Teleport Other                     Translocation                3
   Control Teleport                   Charms/Translocation         4
   Warp Weapon                        Charms/Translocation         5
Miscellaneous
 P - a phial of floods (inert)


   Skills:
 * Level 11.1 Fighting
 + Level 7.4 Armour
 + Level 7.3 Dodging
 + Level 7.9 Stealth
 * Level 10.2 Spellcasting
 * Level 10.1 Conjurations
   Level 2.1 Hexes
 + Level 8.7 Charms
 * Level 10.1 Summonings
 * Level 10.7 Ice Magic
 * Level 7.0 Air Magic
 * Level 8.9 Evocations


You had 3 spell levels left.
You knew the following spells:

 Your Spells              Type           Power        Failure   Level  Hunger
a - Freeze                Ice            ####         1%          1    None
b - Summon Ice Beast      Ice/Summ       ######..     1%          4    None
c - Shadow Creatures      Summ           N/A          1%          5    ##.....
d - Throw Icicle          Conj/Ice       ######..     1%          4    None
e - Monstrous Menagerie   Summ           ######....   4%          6    #####..
f - Freezing Cloud        Conj/Ice/Air   ######....   6%          6    #####..
g - Haste                 Chrm           ######..     7%          6    #####..


Dungeon Overview and Level Annotations

Branches:
Dungeon (15/15)            Temple (0/1) D:5             Orc (4/4) D:12
    Elf (0/3) Orc:4          Lair (8/8) D:10          Swamp (5/5) Lair:6
 Spider (3/5) Lair:4        Slime (6/6) Lair:8       Vaults (1/5) D:14
 Depths (0/5) D:15

Shops:
D:11 :   D:12 (   D:14 *   Orc:1 %   Orc:2 :   Orc:4 [([(

Annotations:
D:8 exclusion: 2 oklob saplings
Slime:6 Royal Jelly


Innate Abilities, Weirdness & Mutations

Your mind is acute. (Int +2)


Message History

A starcursed mass splits.
A chorus of shrieks assaults your mind.
* * * LOW HITPOINT WARNING * * *
The small abomination closely misses you.
Your manticore bites the quasit!
The quasit dies!
Unknown command.
The Executioner completely misses you. The Executioner misses you.
The Executioner barely misses you.
A starcursed mass splits.
The Executioner gestures at you.
You barely resist.
Unknown command.
A starcursed mass splits.
The Executioner hits you but does no damage. x3
Unknown command.
The Executioner hits you but does no damage. x2
The Executioner barely misses you.
Unknown command.
The Executioner hits you!!
You die...

##.#.≈............5
≈..≈≈≈≈......H.......
≈≈≈≈≈≈≈≈.....k........
≈≈≈≈≈≈≈≈≈.....## ### #
≈≈≈≈≈≈≈≈.≈.....##..
≈≈≈≈≈≈≈≈#*.....X.X.#
#≈≈..#...x.....#X...
#...#.....X.##..
..##.@1.#.#### ..
#...#.....# ##..#...#.
.#.#.##.## ...##}# ..
... .# ..#. . .. .


You could see a starcursed mass, a wretched star, an Executioner and a small
abomination.

Vanquished Creatures
  the Lernaean hydra (Swamp:5)
  An acid blob (Slime:6)
  A vault warden (Vaults:1)
  4 hydras
  3 centaur warriors
  An alligator (Swamp:4)
  2 death yaks (Lair:5)
  3 orc high priests (Orc:4)
  An unseen horror (D:13)
  3 hill giants
  A griffon (D:13)
  A wolf spider (Spider:1)
  4 orc sorcerers (Orc:4)
  A vault sentinel (Vaults:1)
  A sixfirhy (Orc:4)
  7 spiny frogs
  2 black mambas
  A feature mimic (D:12)
  2 torpor snails
  An efreet (D:14)
  6 komodo dragons
  2 demonic crawlers (Spider:3)
  A troll (Orc:2)
  3 jumping spiders
  A blue devil (IceCv)
  2 polar bears (Lair:8)
  4 slime creatures
  4 blink frogs
  3 basilisks
  A raven (Swamp:2)
  4 trapdoor spiders
  2 wyverns
  3 redbacks (Spider:1)
  13 yaks
  A deep elf mage (D:12)
  A hungry ghost (D:10)
  3 wraiths
  The ghost of Johnny the Chiller, an average DgIE (D:3)
  2 hogs (Lair:8)
  9 hippogriffs
  A golden eye (Slime:6)
  A soldier ant (shapeshifter) (D:14)
  3 wargs
  A vampire mosquito (D:15)
  2 hell hounds (Lair:8)
  7 swamp worms
  4 porcupines
  A mottled dragon (Lair:8)
  7 orc warriors
  4 wolves
  5 water moccasins
  A swamp drake (Swamp:3)
  3 ice beasts
  2 phantoms
  2 sky beasts
  3 spiders (Lair:4)
  9 crocodiles
  3 black bears
  3 ogres
  3 centaurs
  A big kobold (D:10)
  A brain worm (D:13)
  14 giant frogs
  2 insubstantial wisps
  2 killer bees (D:9)
  3 eyes of draining
  2 scorpions
  3 crimson imps
  6 electric eels
  15 hounds
  10 orc priests
  A giant frog skeleton (D:7)
  4 jellies
  8 iguanas
  12 orc wizards
  9 worker ants
  A killer bee zombie (D:5)
  A hound skeleton (D:6)
  8 gnolls
  15 green rats
  8 adders
  5 orc zombies
  A worm (D:2)
  An ufetubus (Swamp:4)
  An adder skeleton (D:8)
  7 giant geckos
  An ooze (D:4)
  50 orcs
  A ball python (D:3)
  4 giant cockroaches
  17 hobgoblins
  8 quokkas
  A ball python skeleton (D:4)
  16 bats
  A giant newt (D:6)
  2 giant spores
  10 goblins
  A goblin skeleton (D:4)
  16 jackals
  21 kobolds
  An orc skeleton (D:8)
  18 rats
  3 ballistomycetes
  A fungus (Lair:5)
  3 plants (Lair:8)
488 creatures vanquished.

Vanquished Creatures (collateral kills)
  Dissolution (Slime:2)
  Saint Roka (Orc:4)
  A tentacled monstrosity (Swamp:5)
  18 acid blobs
  A lich (Abyss:1)
  A tentacled starspawn (Abyss:1)
  Rupert (Lair:3)
  4 thorn hunters
  7 azure jellies
  An orc warlord (Orc:3)
  A reaper (Swamp:1)
  3 rakshasas (Vaults:1)
  2 death oozes
  3 fire dragons
  A quicksilver dragon zombie (Abyss:1)
  6 great orbs of eyes
  A yaktaur captain (Vaults:1)
  2 ogre magi
  Fannar (D:13)
  The ghost of Johnny the Chiller, a powerful DgIE (IceCv)
  4 centaur warriors
  An ice dragon (D:14)
  15 hydras
  An ironheart preserver (Vaults:1)
  A shambling mangrove (Swamp:5)
  9 alligators
  5 death yaks
  Urug (D:15)
  A catoblepas (Lair:5)
  3 thrashing horrors (Abyss:1)
  5 skeletal warriors
  8 spriggans
  3 wretched stars (Abyss:1)
  11 swamp dragons
  7 large abominations (Abyss:1)
  A giant orange brain (Vaults:1)
  7 orb spiders
  An ironbrand convoker (Vaults:1)
  Erolcha (D:11)
  A hellion (Abyss:1)
  2 spriggan druids
  A flayed ghost (D:15)
  A lindwurm (Swamp:5)
  A harpy (shapeshifter) (Vaults:1)
  A necromancer (D:15)
  5 hill giants
  A harpy (Swamp:5)
  2 orc knights
  3 red wasps
  A wizard (D:15)
  A frost giant zombie (D:15)
  9 shining eyes
  15 wolf spiders
  15 ugly things
  A stone giant zombie (D:15)
  4 griffons
  A sixfirhy (Abyss:1)
  2 orc sorcerers (Orc:4)
  A worldbinder (Abyss:1)
  103 slime creatures
  3 cyclopes
  A black mamba (Lair:3)
  An eye of devastation (Slime:5)
  Maurice (D:9)
  A vault sentinel (Vaults:1)
  An orange demon (Abyss:1)
  Joseph (D:7)
  3 gargoyles
  A torpor snail (shapeshifter) (D:15)
  3 smoke demons
  An apocalypse crab (Abyss:1)
  22 spiny frogs
  2 efreet
  A kobold demonologist (D:13)
  5 komodo dragons
  A freezing wraith (D:15)
  3 hellwings (Abyss:1)
  7 demonic crawlers
  A fire drake (Lair:8)
  A tengu conjurer (D:14)
  6 yaktaurs (Vaults:1)
  A burning bush (Lair:1)
  3 ancient zymes (Abyss:1)
  A red devil (Orc:4)
  A silent spectre (Abyss:1)
  5 polar bears
  A catoblepas zombie (D:14)
  A polar bear (shapeshifter) (D:15)
  3 trolls
  6 giant leeches
  6 raiju (Abyss:1)
  A spectral orc (D:12)
  A griffon zombie (D:12)
  8 ravens
  2 boulder beetles
  20 jumping spiders
  A wolf spider simulacrum (D:15)
  16 blink frogs
  A fire dragon zombie (D:14)
  3 basilisks
  3 two-headed ogres
  2 wraiths
  A trapdoor spider (shapeshifter) (D:15)
  14 bog bodies
  29 redbacks
  A deep elf mage (D:12)
  10 tarantellas
  7 hogs (Lair:8)
  2 vampires
  An ettin skeleton (Abyss:1)
  8 trapdoor spiders
  49 yaks
  3 wyverns
  2 ynoxinuls (Abyss:1)
  3 shadows
  A flying skull (Abyss:1)
  Eustachio (D:8)
  8 golden eyes
  5 hippogriffs
  6 hungry ghosts
  A deep elf fighter (D:15)
  A human (shapeshifter) (D:15)
  3 hill giant zombies
  2 hill giant skeletons
  A spatial vortex (Swamp:2)
  A neqoxec (Abyss:1)
  19 vampire mosquitoes
  Menkaure (D:7)
  7 hell hounds
  18 swamp worms
  10 wargs
  15 water moccasins
  15 wolves
  4 mottled dragons (Lair:8)
  3 sky beasts
  A soldier ant (D:14)
  A hydra simulacrum (D:14)
  3 porcupines
  4 ice beasts
  7 black bears
  A phantom (D:6)
  10 yellow wasps
  3 boggarts (D:15)
  25 spiders
  16 swamp drakes
  3 necrophages
  31 orc warriors
  5 starcursed masses (Abyss:1)
  8 small abominations (Abyss:1)
  7 orc zombies
  A hill giant simulacrum (D:14)
  7 ogres
  11 crocodiles
  16 centaurs
  A yaktaur zombie (D:14)
  2 brain worms (Abyss:1)
  Duvessa (D:7)
  14 giant frogs
  Blork the orc (D:9)
  2 big kobolds
  4 scorpions
  17 insubstantial wisps
  A cyclops skeleton (D:14)
  4 eyes of draining
  A manticore simulacrum (D:15)
  11 killer bees
  A hippogriff zombie (D:12)
  A shapeshifter skeleton (D:15)
  A wandering mushroom (Lair:6)
  A wight (D:11)
  3 electric eels
  Dowan (D:7)
  14 hounds
  7 crimson imps
  2 gnoll shamans
  16 orc priests
  An iron imp (Abyss:1)
  A giant frog skeleton (D:6)
  5 quasits
  34 jellies
  A black bear skeleton (D:6)
  3 iguanas
  3 worker ants
  19 orc wizards
  18 sheep
  An ogre skeleton (D:10)
  A mummy (D:8)
  8 adders
  4 gnolls
  61 green rats
  5 shadow imps
  2 ufetubi (Abyss:1)
  An adder skeleton (D:6)
  A giant gecko (D:6)
  105 orcs
  3 goblins
  4 hobgoblins
  6 jackals
  A bat (D:5)
  7 kobolds
  12 quokkas
  8 ballistomycetes
  2 plants
1300 creatures vanquished.

Vanquished Creatures (others)
  5 sphinxes
  50 lindwurms
  49 manticores
  76 harpies
  A spiny frog (Swamp:5)
  A jumping spider (Spider:2)
  2 water elementals (Vaults:1)
  3 vampire mosquitoes (Swamp:5)
  A swamp drake (Lair:8)
  An orc warrior (Orc:4)
  233 ice beasts
  A centaur (D:15)
  An adder (D:8)
  2 giant spores (D:14)
  A lurking horror (Abyss:1)
  A wandering mushroom (D:8)
  3 briar patches (Swamp:5)
  A bush (Swamp:5)
  30 fungi
  20 plants
  4 starspawn tentacles (Abyss:1)
  A starspawn tentacle segment (Abyss:1)
487 creatures vanquished.

Grand Total: 2275 creatures vanquished

Notes
Turn   | Place    | Note
--------------------------------------------------------------
     0 | D:1      | Johnny, the Demigod Ice Elementalist, began the quest for the Orb.
     0 | D:1      | Reached XP level 1. HP: 14/14 MP: 3/3
   468 | D:1      | Reached XP level 2. HP: 15/20 MP: 1/5
   648 | D:1      | Reached skill level 3 in Ice Magic
   658 | D:1      | Reached skill level 1 in Fighting
  1362 | D:1      | Reached XP level 3. HP: 25/28 MP: 6/8
  1569 | D:2      | Found a stormy altar of Qazlal.
  1919 | D:2      | Found a stormy altar of Qazlal.
  2449 | D:3      | Noticed Johnny's ghost (average DgIE)
  2502 | D:3      | Killed Johnny's ghost
  2502 | D:3      | Reached skill level 1 in Armour
  2502 | D:3      | Reached XP level 4. HP: 8/36 MP: 0/11
  2502 | D:3      | Reached XP level 5. HP: 9/41 MP: 0/13
  3087 | D:3      | Learned a level 4 spell: Summon Ice Beast
  3352 | D:4      | Noticed a spatial vortex
  3467 | D:4      | Found a glowing silver altar of Zin.
  3484 | D:4      | Reached XP level 6. HP: 43/49 MP: 17/17
  3706 | D:4      | Reached skill level 4 in Ice Magic
  3722 | D:4      | Noticed an ogre
  3792 | D:4      | Killed an ogre
  3792 | D:4      | Reached skill level 1 in Summonings
  4621 | D:4      | Noticed an ogre
  4679 | D:4      | Killed an ogre
  4679 | D:4      | Reached XP level 7. HP: 50/56 MP: 4/19
  4865 | D:5      | Entered Level 5 of the Dungeon
  4888 | D:5      | Learned a level 4 spell: Throw Icicle
  4892 | D:5      | Learned a level 3 spell: Ozocubu's Armour
  4972 | D:5      | Found a white marble altar of Elyvilon.
  5090 | D:5      | Reached skill level 1 in Conjurations
  5214 | D:4      | Gained mutation: Your body is slowly deteriorating. [mutagenic glow]
  5332 | D:5      | Reached skill level 1 in Charms
  5840 | D:5      | Found a sparkling altar of Nemelex Xobeh.
  5863 | D:5      | Found a burning altar of Makhleb.
  5875 | D:5      | Found a snail-covered altar of Cheibriados.
  5894 | D:5      | Found a glowing silver altar of Zin.
  5940 | D:5      | Found a staircase to the Ecumenical Temple.
  5995 | D:5      | Reached skill level 1 in Evocations
  6175 | D:6      | Found a bloodstained altar of Trog.
  6185 | D:6      | Reached XP level 8. HP: 61/63 MP: 4/21
  6798 | D:6      | Found a shattered altar of Ashenzari.
  6836 | D:6      | Reached skill level 5 in Ice Magic
  7107 | D:7      | Noticed Dowan
  7110 | D:7      | Noticed Duvessa
  7116 | D:7      | Killed Duvessa
  7118 | D:7      | Killed Dowan
  7154 | D:7      | Noticed Joseph
  7329 | D:7      | Killed Joseph
  7468 | D:7      | Noticed Menkaure
  7482 | D:7      | Killed Menkaure
  7819 | D:7      | Reached XP level 9. HP: 66/71 MP: 18/23
  7824 | D:7      | Found an iron altar of Okawaru.
  8228 | D:8      | Noticed Eustachio
  8240 | D:8      | Killed Eustachio
  9123 | D:8      | Found a blossoming altar of Fedhas.
  9671 | D:8      | Found a basalt altar of Yredelemnul.
 10348 | D:9      | Noticed Blork the orc
 10356 | D:9      | Killed Blork the orc
 10413 | D:9      | Noticed Maurice
 10423 | D:9      | Killed Maurice
 10423 | D:9      | Reached skill level 5 in Fighting
 10423 | D:9      | Reached skill level 5 in Spellcasting
 10975 | D:9      | Noticed an ogre mage
 10991 | D:9      | Killed an ogre mage
 10991 | D:9      | Reached skill level 6 in Ice Magic
 10991 | D:9      | Reached XP level 10. HP: 58/81 MP: 12/25
 11422 | D:10     | Entered Level 10 of the Dungeon
 11494 | D:10     | Noticed a hill giant
 11506 | D:10     | Killed a hill giant
 11639 | D:10     | Found a staircase to the Lair.
 11654 | D:10     | Noticed a hill giant
 11660 | D:10     | Killed a hill giant
 11708 | D:10     | You fall through a shaft for 2 floors!
 11708 | D:12     | Noticed a brown ugly thing
 11716 | D:12     | Killed a brown ugly thing
 12193 | D:11     | Reached skill level 5 in Summonings
 12455 | D:11     | Noticed a hill giant
 12457 | D:11     | Noticed Erolcha
 13345 | Lair:1   | Entered Level 1 of the Lair of Beasts
 14006 | Lair:1   | Reached XP level 11. HP: 28/89 MP: 8/27
 14008 | Lair:1   | Reached skill level 5 in Charms
 14290 | Lair:1   | Reached skill level 5 in Conjurations
 14712 | Lair:2   | Found a frozen archway.
 14724 | IceCv    | Entered an ice cave
 14724 | IceCv    | Noticed Johnny's ghost (powerful DgIE)
 14746 | IceCv    | Killed Johnny's ghost
 15799 | Lair:2   | Reached skill level 7 in Ice Magic
 17009 | Lair:3   | Noticed Rupert
 17357 | Lair:3   | Noticed a five-headed hydra
 17367 | Lair:3   | Killed a five-headed hydra
 18238 | Lair:3   | Killed Rupert
 18238 | Lair:3   | Reached skill level 5 in Stealth
 18425 | Lair:3   | Noticed a four-headed hydra
 18433 | Lair:3   | Killed a four-headed hydra
 18692 | Lair:4   | Reached XP level 12. HP: 45/100 MP: 9/29
 18935 | Lair:4   | Found a hole to the Spider Nest.
 19127 | Lair:4   | Reached skill level 5 in Evocations
 19428 | Lair:4   | Got a fine chain mail
 19440 | Lair:4   | Identified the +2 chain mail of Wasted Space {rN+ Str+2 Dex+3} (You found it on level 4 of the Lair of Beasts)
 19794 | Lair:5   | Reached skill level 5 in Dodging
 20843 | Lair:6   | Reached skill level 5 in Armour
 21136 | Lair:6   | Identified Wiatutu's Incunabulum of Enchantment (You found it on level 6 of the Lair of Beasts)
 21146 | Lair:6   | Got a shimmering plate armour
 21157 | Lair:6   | Identified the cursed -4 plate armour of Clut {Dex+4} (You found it on level 6 of the Lair of Beasts)
 21654 | Lair:6   | Reached skill level 8 in Ice Magic
 21670 | Lair:6   | Found a staircase to the Swamp.
 22019 | Lair:7   | Noticed an eight-headed hydra
 22025 | Lair:7   | Killed an eight-headed hydra
 22370 | Lair:7   | HP: 2/100 [yak (13)]
 23385 | Lair:8   | Entered Level 8 of the Lair of Beasts
 23439 | Lair:8   | Noticed a six-headed hydra
 23457 | Lair:8   | Killed a six-headed hydra
 25129 | Lair:8   | Reached XP level 13. HP: 87/107 MP: 21/31
 25251 | Lair:8   | Noticed a four-headed hydra
 25256 | Lair:8   | Killed a four-headed hydra
 25414 | Lair:8   | Learned a level 6 spell: Invisibility
 25522 | Lair:8   | Found a staircase to the Slime Pits.
 25683 | Lair:8   | Reached skill level 1 in Hexes
 26329 | Lair:8   | Noticed a fire dragon
 26938 | Lair:8   | Killed a fire dragon
 27582 | D:11     | Killed a hill giant
 27641 | D:11     | Found Sahaegiu's Book Shoppe.
 27650 | D:11     | Bought a book of Ice for 975 gold pieces
 27657 | D:11     | Learned a level 6 spell: Freezing Cloud
 28633 | D:12     | Found Stian's Weapon Boutique.
 28633 | D:12     | Found a staircase to the Orcish Mines.
 28635 | D:12     | Found Caahol's Armour Boutique.
 28681 | D:12     | Caahol's Armour Boutique was a mimic.
 28922 | D:12     | Reached skill level 1 in Air Magic
 29246 | D:12     | Noticed a green ugly thing
 29249 | D:12     | Noticed a hill giant
 29254 | D:12     | Killed a green ugly thing
 29259 | D:12     | Killed a hill giant
 29305 | D:12     | Noticed a centaur warrior
 29317 | D:12     | Killed a centaur warrior
 29633 | Orc:1    | Entered Level 1 of the Orcish Mines
 29648 | Orc:1    | Found Iceulur's Food Shop.
 29968 | Orc:2    | Found Tec Opnu's Book Shop.
 29982 | Orc:2    | Bought a book of Beasts for 935 gold pieces
 30069 | Orc:3    | Noticed an orc warlord
 30088 | Orc:2    | Learned a level 6 spell: Monstrous Menagerie
 30194 | Orc:3    | Killed an orc warlord
 30976 | Orc:4    | Entered Level 4 of the Orcish Mines
 30976 | Orc:4    | Found a staircase to the Elven Halls.
 31259 | Orc:4    | Found a roughly hewn altar of Beogh.
 31765 | Orc:4    | Found a roughly hewn altar of Beogh.
 31968 | Orc:4    | Found a roughly hewn altar of Beogh.
 31968 | Orc:4    | Found Ysuax's Antique Weapon Shoppe.
 32156 | Orc:4    | Found a roughly hewn altar of Beogh.
 32314 | Orc:4    | Found a roughly hewn altar of Beogh.
 32354 | Orc:4    | Found Gikih's Armour Boutique.
 32507 | Orc:4    | Found a roughly hewn altar of Beogh.
 32598 | Orc:4    | Noticed Saint Roka
 33843 | Orc:4    | Killed Saint Roka
 33979 | Orc:4    | Found Seireha's Antique Weapon Boutique.
 33979 | Orc:4    | Found a roughly hewn altar of Beogh.
 34144 | Orc:4    | Found Sengamej's Antique Armour Shop.
 34155 | Orc:4    | Bought a dazzling scale mail for 216 gold pieces
 34169 | Orc:4    | Identified the +2 scale mail "Noibbokh" {rN+ MR+} (You bought it in a shop on level 4 of the Orcish Mines)
 34517 | D:12     | Reached skill level 9 in Ice Magic
 34660 | D:10     | Noticed a centaur warrior
 34664 | D:10     | Killed a centaur warrior
 34729 | Lair:2   | Reached XP level 14. HP: 108/116 MP: 9/32
 35048 | Swamp:1  | Entered Level 1 of the Swamp
 35721 | Swamp:1  | Identified a scroll of acquirement
 35725 | Swamp:1  | Got a bloodstained buckler
 35731 | Swamp:1  | Identified the +2 buckler of Vucah {Str-3 Int+4} (You acquired it on level 1 of the Swamp)
 39590 | Swamp:4  | Noticed a thorn hunter
 39601 | Swamp:4  | Killed a thorn hunter
 40262 | Swamp:5  | Entered Level 5 of the Swamp
 41926 | Swamp:5  | Noticed a thorn hunter
 41962 | Swamp:5  | Killed a thorn hunter
 42781 | Swamp:5  | Noticed the 27-headed Lernaean hydra
 43232 | Swamp:5  | Noticed a thorn hunter
 43642 | Swamp:5  | Noticed a thorn hunter
 43652 | Swamp:5  | Killed a thorn hunter
 43658 | Swamp:5  | Killed the 27-headed Lernaean hydra
 43789 | Swamp:5  | Killed a thorn hunter
 44290 | Swamp:5  | Noticed a tentacled monstrosity
 44299 | Swamp:5  | Killed a tentacled monstrosity
 44431 | Swamp:5  | Got a decaying rune of Zot
 44658 | Swamp:5  | Got a transparent long sword {drain}
 44661 | Swamp:5  | Identified the cursed +9 long sword "Hisushru" {drain, rC+} (You took it off a spriggan druid on level 5 of the Swamp)
 44924 | Spider:1 | Entered Level 1 of the Spider Nest
 44958 | Spider:1 | Reached XP level 15. HP: 93/126 MP: 20/34
 47351 | Spider:2 | Reached skill level 5 in Air Magic
 47731 | Spider:2 | Reached skill level 10 in Fighting
 49741 | D:13     | Noticed Fannar
 49751 | D:13     | Killed Fannar
 50683 | D:14     | Lost mutation: Your body is slowly deteriorating. [potion of cure mutation]
 50684 | D:14     | Gained mutation: Your mind is acute. (Int +2) [potion of beneficial mutation]
 50694 | D:14     | Found Kieharunt's General Store.
 50701 | D:14     | Bought a bread ration for 85 gold pieces
 50701 | D:14     | Bought a potion of haste for 119 gold pieces
 50701 | D:14     | Bought a scroll of identify for 34 gold pieces
 50701 | D:14     | Bought a scroll of remove curse for 51 gold pieces
 50781 | D:14     | Reached skill level 10 in Ice Magic
 51514 | D:14     | Found a gate to the Vaults.
 51669 | D:15     | Entered Level 15 of the Dungeon
 51988 | D:15     | Noticed Urug
 52002 | D:15     | Killed Urug
 52307 | D:15     | Found a staircase to the Depths.
 52746 | D:15     | HP: 5/127 [wolf spider simulacrum (27)]
 53517 | D:11     | Killed Erolcha
 53548 | D:11     | Bought a book of Wizardry for 450 gold pieces
 53565 | D:11     | Learned a level 6 spell: Haste
 53758 | Lair:4   | Learned a level 5 spell: Shadow Creatures
 53917 | Slime:1  | Entered Level 1 of the Pits of Slime
 54687 | Slime:2  | Noticed an acid blob
 54696 | Slime:2  | Killed an acid blob
 54848 | Slime:2  | Noticed Dissolution
 54858 | Slime:2  | Killed Dissolution
 55412 | Slime:3  | Noticed an acid blob
 55417 | Slime:3  | Noticed an acid blob
 55417 | Slime:3  | Killed an acid blob
 55419 | Slime:3  | Paralysed by a great orb of eyes for 7 turns
 55420 | Slime:3  | Killed an acid blob
 55581 | Slime:3  | Noticed an acid blob
 55586 | Slime:3  | Killed an acid blob
 55698 | Slime:3  | Noticed an acid blob
 55703 | Slime:3  | Killed an acid blob
 55909 | Slime:3  | Noticed an Ice Fiend
 56242 | Slime:4  | Reached XP level 16. HP: 136/136 MP: 23/35
 56266 | Slime:4  | Noticed an acid blob
 56271 | Slime:4  | Killed an acid blob
 56309 | Slime:4  | Noticed an acid blob
 56313 | Slime:4  | Killed an acid blob
 57755 | Slime:6  | Entered Level 6 of the Pits of Slime
 58181 | Slime:6  | Reached skill level 10 in Spellcasting
 58671 | Slime:6  | Noticed the royal jelly
 60260 | Vaults:1 | Entered Level 1 of the Vaults
 60425 | Vaults:1 | Reached skill level 11 in Fighting
 60888 | Vaults:1 | Reached skill level 10 in Summonings
 60923 | Vaults:1 | Identified Sif Muna's Collected Works on the Boosting Voyage
 61275 | Vaults:1 | Reached skill level 10 in Conjurations
 61310 | Vaults:1 | Cast into the Abyss (deep elf demonologist)
 61452 | Abyss:1  | Found a corrupted altar of Lugonu.
 61958 | Abyss:1  | Noticed a lich
 61966 | Abyss:1  | Killed a lich
 62149 | Abyss:1  | Noticed an ancient lich
 62821 | Abyss:1  | Noticed an ancient lich
 63161 | Abyss:1  | Noticed a bone dragon
 63237 | Abyss:1  | Slain by an Executioner

Action                   |  1- 3 |  4- 6 |  7- 9 | 10-12 | 13-15 | 16-18 || total
-------------------------+-------+-------+-------+-------+-------+-------++-------
Melee: Dagger            |   132 |       |       |       |       |       ||   132
       Mace              |       |    78 |   347 |   675 |   619 |    36 ||  1755
 Cast: Freeze            |    49 |    70 |    69 |    36 |    30 |     4 ||   258
       Summon Ice Beast  |       |       |   101 |   288 |   475 |    11 ||   875
       Throw Icicle      |       |       |     3 |   123 |   199 |     8 ||   333
       Monstrous Menager |       |       |       |       |   293 |   170 ||   463
       Freezing Cloud    |       |       |       |       |     3 |     4 ||     7
       Haste             |       |       |       |       |     1 |    17 ||    18
       Shadow Creatures  |       |       |       |       |       |     1 ||     1
 Abil: Evoke Invisibilit |       |       |     1 |       |       |       ||     1
Evoke: Wand              |       |       |    12 |    35 |    31 |       ||    78
       Phial of floods   |       |       |       |     3 |     2 |     1 ||     6
  Use: Potion            |       |     1 |     8 |    14 |    13 |     9 ||    45
       Scroll            |       |       |    12 |    13 |    31 |     5 ||    61
 Stab: Sleeping          |     3 |       |     4 |    11 |    10 |       ||    28
       Distracted        |       |       |     2 |    10 |     8 |     1 ||    21
       Invisible         |       |       |       |     4 |     1 |       ||     5
       Confused          |       |       |       |     2 |     2 |       ||     4
  Eat: Chunk             |     3 |     6 |    46 |    85 |   156 |    13 ||   309
       Beef jerky        |     1 |       |       |     2 |     3 |       ||     6
       Bread ration      |       |     1 |       |       |     3 |     7 ||    11
       Fruit             |       |       |     1 |     4 |    12 |    12 ||    29
       Royal jelly       |       |       |     1 |     1 |       |       ||     2
       Meat ration       |       |       |       |       |     1 |     2 ||     3
       Pizza             |       |       |       |       |     1 |     1 ||     2
